 Dungeon Crawl Stone Soup version 0.28-a0-872-g80cf8599ee (webtiles) character file.

Game seed: 16570200452340551229

94 sanka the Chopper (level 4, 0/37 HPs)
             Began as a Palentonga Fighter on Nov 20, 2021.
             Slain by an adder (2 damage)
             ... on level 2 of the Dungeon.
             The game lasted 00:01:32 (2050 turns).

sanka the Chopper (Palentonga Fighter)              Turns: 2050, Time: 00:01:33

Health: 0/37       AC:  6    Str: 20    XL:     4   Next: 38%
Magic:  4/4        EV:  7    Int:  9    God:
Gold:   22         SH:  4    Dex:  9    Spells: 3/3 levels left

rFire   . . .      SeeInvis +   a - +0 war axe
rCold   . . .      Faith    .   c - +0 buckler
rNeg    . . .      Spirit   .   b - +0 scale mail
rPois   .          Reflect  .   (no helmet)
rElec   .          Harm     .   (no cloak)
rCorr   .          Rampage  .   (no gloves)
Will    .....                   (no barding)
Stlth   ..........              (no amulet)
HPRegen 0.12/turn               (no ring)
MPRegen 0.09/turn               (no ring)

@: no status effects
A: large, rugged brown scales 3, see invisible, deformed body, roll 1, armoured
tail
a: Rolling Charge


You were on level 2 of the Dungeon.
You visited 1 branch of the dungeon, and saw 2 of its levels.

You collected 22 gold pieces.


Innate Abilities, Weirdness & Mutations

You are completely covered in rugged brown scales. (AC +3, +7% HP)
You have supernaturally acute eyesight. (SInv)
Armour fits poorly on your strangely shaped body.
You can roll at nearby foes to attack.
You have a long armoured tail.


   Skills:
 - Level 3.0 Fighting
 + Level 4.7 Axes
 - Level 2.4 Armour
 - Level 2.4 Shields


You had 3 spell levels left.
You didn't know any spells.
Your spell library contained the following spells:

 Spells                   Type           Power      Damage    Failure   Level
 Sandblast                Erth           0%         2d4       75%         1
 Passwall                 Tmut/Erth      0%         N/A       87%         2
 Stone Arrow              Conj/Erth      0%         3d7       98%         3

Inventory:

Hand Weapons
 a - a +0 war axe (weapon)
Armour
 b - a +0 scale mail (worn)
 c - a +0 buckler (worn)
Scrolls
 e - a scroll of acquirement {unknown}
 f - 2 scrolls of enchant armour {unknown}
 g - a scroll of teleportation {unknown}
 j - a scroll of noise {unknown}
 k - a scroll of enchant weapon {unknown}
Potions
 d - a potion of might
 h - a potion of curing {unknown}
 i - a potion of magic {unknown}

Dungeon Overview and Level Annotations

Branches:
Dungeon (2/15)

Altars:

........▒▒.▒.▒▒.▒▒
........▒▒.▒.▒▒.▒
▒.......▒▒......▒
▒.......▒▒▒▒▒▒..▒▒
▒.▒.....▒ ▒...▒
▒.▒▒▒▒▒▒▒
▒▒▒...▒▒▒▒ ..▒
▒...▒....▒▒ ..▒
▒▒.▒.......▒ .
▒....SH▒▒▒.▒
...▒▒▒Sg†....▒
..▒. ▒.▒..▒▒.▒ ..
▒. ...▒ .. .▒.▒
.▒▒ .... . ▒▒ .. .
.▒.


You could see a gnoll and 2 adders.


Message History

The adder bites you but does no damage. The adder bites you.
* * * LOW HITPOINT WARNING * * *
The gnoll barely misses you. The adder bites you.
* * * LOW HITPOINT WARNING * * *
You miss the adder.
The adder is almost dead.
You slash the bat!
You kill the bat!
You closely miss the gnoll. You barely miss the adder.
You feel sick. The adder bites you but does no damage. The adder bites you.
* * * LOW HITPOINT WARNING * * *
The gnoll hits you with a +0 club.
* * * LOW HITPOINT WARNING * * *
The adder bites you.
* * * LOW HITPOINT WARNING * * *
You closely miss the adder.
The adder is almost dead.
You hit the gnoll. You hit the adder.
You feel sick.
You are no longer poisoned.
The adder bites you.
* * * LOW HITPOINT WARNING * * *
The adder bites you.
You die...

Action                   |  1- 3 |  4- 6 || total
-------------------------+-------+-------++-------
Melee: War axe           |    72 |    29 ||   101
       Tailslap          |    13 |     1 ||    14
Armor: Scale mail        |    37 |    24 ||    61
Dodge: Dodged            |    17 |    19 ||    36
Block: Buckler           |    13 |     7 ||    20

Levels and vault maps discovered:
D:1:      lightli_arrival_maybe_door_vault, layout_loops_corners, minmay_3d_cube
D:2:      layout_rooms, dreamdust_ecumenical_altar_hidden_monk_grotto,
          minmay_fractal_squares_5, uniq_terence

Notes
Turn   | Place    | Note
-------+----------+-------------------------------------------
     0 | D:1      | sanka the Palentonga Fighter began the quest for the Orb.
     0 | D:1      | Reached XP level 1. HP: 19/19 MP: 1/1
   286 | D:1      | Reached XP level 2. HP: 25/25 MP: 2/2
   555 | D:1      | Reached skill level 3 in Axes
   992 | D:1      | Reached XP level 3. HP: 31/31 MP: 3/3
  1460 | D:2      | Noticed Terence
  1474 | D:2      | Killed Terence
  1475 | D:2      | Reached skill level 4 in Axes
  1475 | D:2      | Reached XP level 4. HP: 5/37 MP: 4/4
  1990 | D:2      | Found a faded altar of an unknown god.
  2050 | D:2      | HP: 2/37 [adder (2)]
  2050 | D:2      | Slain by an adder

Vanquished Creatures
  Terence (D:2)
  2 adders (D:2)
  4 dart slugs
  2 ball pythons (D:2)
  5 endoplasms
  A giant cockroach (D:1)
  6 goblins
  5 hobgoblins
  A kobold (D:1)
  3 quokkas (D:1)
  3 bats
  4 frilled lizards
  2 rats
39 creatures vanquished.
